 Dungeon Crawl Stone Soup version 0.28-a0-1087-gf3fc490d9d (webtiles) character file.

Game seed: 5340822224172628120

119 ytrimaz the Insei (level 5, -1/34 HPs)
             Began as an Octopode Transmuter on Dec 10, 2021.
             Succumbed to an orc wizard's poison
             ... on level 3 of the Dungeon.
             The game lasted 00:01:55 (3022 turns).

ytrimaz the Insei (Octopode Transmuter)             Turns: 3022, Time: 00:01:56

Health: -1/34      AC:  2    Str:  9    XL:     5   Next: 3%
Magic:  5/8        EV: 20    Int: 17    God:
Gold:   89         SH:  0    Dex: 18    Spells: 3/9 levels left

rFire   . . .      SeeInvis .     - Unarmed
rCold   . . .      Faith    .   (shield currently unavailable)
rNeg    . . .      Spirit   .   (helmet currently unavailable)
rPois   x          Reflect  .   (no amulet)
rElec   .          Harm     .   (no ring)
rCorr   .          Rampage  .   (no ring)
Will    .....                   (no ring)
Stlth   ++........              (no ring)
HPRegen 0.11/turn               (no ring)
MPRegen 0.11/turn               (no ring)
                                (no ring)
                                (no ring)

@: lethally poisoned (-1 -> -39), spider-form, hasted, very quick
A: venomous fangs, almost no armour, (amphibious), 8 rings, tiny, (camouflage
1), (gelatinous body 1), (nimble swimmer 1), (tentacles)
a: End Transformation


You were on level 3 of the Dungeon.
You were a venomous arachnid creature.
You visited 1 branch of the dungeon, and saw 3 of its levels.

You collected 89 gold pieces.

Inventory:

Jewellery
 h - a ring of flight
Scrolls
 e - 2 scrolls of teleportation
Potions
 a - a potion of heal wounds {unknown}
 c - a potion of invisibility
 d - 2 potions of curing {unknown}
 f - a potion of brilliance {unknown}
 g - a potion of attraction {unknown}


   Skills:
 * Level 1.9 Fighting
 * Level 2.8 Dodging
 + Level 3.8 Unarmed Combat
 * Level 2.6 Spellcasting
 * Level 2.7 Transmutations


You had 3 spell levels left.
You knew the following spells:

 Your Spells              Type           Power      Damage    Failure   Level
a - Beastly Appendage     Tmut           22%        N/A       17%         1
b - Wereblood             Tmut           11%        N/A       22%         2
c - Spider Form           Tmut/Pois      7%         N/A       52%         3

Your spell library contained the following spells:

 Spells                   Type           Power      Damage    Failure   Level
 Slow                     Hex            8%         N/A       38%         1
 Confusing Touch          Hex            2%         N/A       71%         3
 Ice Form                 Ice/Tmut       6%         N/A       87%         4
 Animate Dead             Necr           1%         N/A       96%         4
 Yara's Violent Unravell  Hex/Tmut       3%         3d4       99%         5
 Borgnjor's Vile Clutch   Necr/Erth      1%         N/A       100%        5
 Death Channel            Necr           1%         N/A       100%        6


Dungeon Overview and Level Annotations

Branches:
Dungeon (3/15)

Altars:

Shops:
D:2 !


Innate Abilities, Weirdness & Mutations

You are a venomous arachnid creature.
You have poisonous fangs.
You are tiny and dextrous.
Your spellcasting is less reliable in this form.
Your armour is entirely melded.
You are incapable of wielding weapons or throwing items.
You cannot wear most types of armour.
((You are amphibious.))
You can wear up to eight rings at the same time.
((Your skin changes colour to match your surroundings (Stealth+).))
((Your rubbery body absorbs attacks. (AC +1, EV +1)))
((You are camouflaged near water. (Stealth+)))
((You have tentacles for arms and can constrict up to eight enemies at once.))


Message History

Found a stone staircase leading down.
There is a stone staircase leading down here.
A goblin comes into view. It is wielding a +0 club.
The goblin shouts!
You hear a shout! x2
An orc priest comes into view. It is wielding a +0 hand axe.
An orc comes into view. It is wielding a +0 short sword.
There are monsters nearby!
An orc wizard comes into view. It is wielding a +1 dagger of venom.
The orc priest mumbles some strange prayers to Beogh against you.
Beogh smites you!
The orc shouts!
You tentacle-slap the goblin.
You kill the goblin!
Unknown command.
Casting: Beastly Appendage (safe; 6% risk of failure)
Confirm with . or Enter, or press ? or * to list all spells.
The spell is quite dangerous to miscast (30% risk of failure)!
Continue anyway?
You turn into a venomous arachnid creature.
Unknown command.
You hit the orc but do no damage.
The orc is poisoned.
The orc wizard closely misses you. The orc completely misses you.
You completely miss the orc.
The orc wizard hits you with a +1 dagger of venom.
You are lethally poisoned!
The orc barely misses you.
You completely miss the orc.
The orc is lightly wounded.
You feel very sick.
The orc wizard hits you with a +1 dagger of venom.
You are more poisoned.
You are too injured to fight recklessly!
Unknown command.
You hit the orc wizard.
The orc wizard is moderately wounded.
* * * LOW HITPOINT WARNING * * *
You feel extremely sick. The orc closely misses you.
The orc wizard completely misses you.
Unknown command.
It was a potion of haste.
You feel yourself speed up.
You die...

#.########## #..
#......# #.. ####
#......# #.. ...
.......+ #..
...#......# #..
#####.#o.....## #######
......)........ #......
#######o#########.#####
...#.so#.......#.#
###.#.###.#####.#.#
#.........# #.#.#
#.#.#.##### #.#.# #
#.#.# #.#.# #.#.# #.#.#
#.#.#########.#.#
#.#.......>...#.#
#.#############.#


You could see an orc priest, an orc wizard and an orc (very poisoned).

Vanquished Creatures
  A bullfrog zombie (D:3)
  A gnoll (D:1)
  2 adders
  A dart slug (D:1)
  10 ball pythons
  An endoplasm (D:1)
  2 giant cockroaches
  7 goblins
  6 hobgoblins
  3 jackals (D:2)
  2 quokkas
  5 bats
  3 frilled lizards (D:1)
  5 kobolds
  2 rats (D:1)
51 creatures vanquished.

Notes
Turn   | Place    | Note
-------+----------+-------------------------------------------
     0 | D:1      | ytrimaz the Octopode Transmuter began the quest for the
                  | Orb.
     0 | D:1      | Reached XP level 1. HP: 13/13 MP: 3/3
   200 | D:1      | Reached XP level 2. HP: 18/18 MP: 3/5
   739 | D:1      | Learned a level 2 spell: Wereblood
   747 | D:1      | Reached XP level 3. HP: 12/23 MP: 4/6
   751 | D:1      | Learned a level 3 spell: Spider Form
   938 | D:1      | Found a faded altar of an unknown god.
  1751 | D:2      | Reached XP level 4. HP: 28/28 MP: 5/7
  1799 | D:2      | Found Qec Xuoq's Distillery.
  2814 | D:3      | Reached XP level 5. HP: 34/34 MP: 8/8
  3022 | D:3      | Succumbed to an orc wizard's poison

Illustrated notes

Levels and vault maps discovered:
D:1:      psy_arrival_terrarium, layout_basic,
          hellmonk_ecumenical_altar_arch_garden
D:2:      layout_loops_corners, serial_shops, nicolae_shop_waterfront,
          chequers_serial_rivers_micro_b, eino_tiny_chamber,
          chequers_serial_rivers_marsh
D:3:      layout_basic, minmay_distorted

Action                   |  1- 3 |  4- 6 || total
-------------------------+-------+-------++-------
Melee: Unarmed           |    70 |    54 ||   124
       Constrict         |    16 |    13 ||    29
       Kick              |     7 |     5 ||    12
       Tentacles         |    11 |     5 ||    16
       Punch             |       |     3 ||     3
 Cast: Beastly Appendage |    12 |     4 ||    16
       Spider Form       |       |     1 ||     1
  Use: Scroll            |     2 |     2 ||     4
       Potion            |       |     1 ||     1
 Stab: Sleeping          |     5 |     2 ||     7
Armor: Skin              |    11 |     3 ||    14
Dodge: Dodged            |    67 |    50 ||   117

Table legend: (Time is in decaauts)
 A = Elapsed time spent in this place.
 B = Non-inter-level travel time spent in this place.
 C = Inter-level travel time spent in this place.
 D = Time resting spent in this place.
 E = Time spent auto-exploring this place.
 F = Levels seen in this place.
 G = Mean time per level.
                   A        B        C        D        E       F      G
               +--------+--------+--------+--------+--------+-----+--------+
         Total |   3014 |   2947 |     67 |      0 |   2500 |   3 | 1004.7 |
       Dungeon |   3014 |   2947 |     67 |      0 |   2500 |   3 | 1004.7 |
               +--------+--------+--------+--------+--------+-----+--------+

Top non-repeatable levels by time:
     D:1: 1455 daAuts
     D:2: 1075 daAuts
     D:3: 483 daAuts
